 Dungeon Crawl Stone Soup version 0.21.1-1-g345015f (webtiles) character file.

39 RedSatellite the Shooter (level 3, -1/22 HPs)
             Began as a Gargoyle Hunter on June 5, 2018.
             Was an Initiate of Wu Jian.
             Slain by an adder (2 damage)
             ... on level 2 of the Dungeon.
             The game lasted 00:10:53 (823 turns).

RedSatellite the Shooter (Gargoyle Hunter)           Turns: 823, Time: 00:10:53

Health: -1/22      AC:  7    Str: 15    XL:     3   Next: 47%
Magic:  3/3        EV: 12    Int: 11    God:    Wu Jian [......]
Gold:   35         SH:  0    Dex: 14    Spells: 2/2 levels left

rFire    . . .     SeeInvis .   a - +1 shortbow
rCold    . . .     Gourm    .   (shield currently unavailable)
rNeg     + . .     Faith    .   c - +0 leather armour
rPois    ∞         Spirit   .   (no helmet)
rElec    +         Reflect  .   j - +0 cloak
rCorr    .         Harm     .   (no gloves)
MR       .....                  (no boots)
Stlth    +.........             (no amulet)
HPRegen  0.07/turn              k - +3 ring of dexterity
MPRegen  0.08/turn              (no ring)

@: no status effects
A: negative energy resistance 1, electricity resistance, unbreathing,
petrification resistance, rot immunity, AC +3
a: Renounce Religion


You were on level 2 of the Dungeon.
You worshipped Wu Jian.
Wu Jian was noncommittal.
You were not hungry.

You visited 1 branch of the dungeon, and saw 2 of its levels.

You collected 35 gold pieces.

Inventory:

Hand Weapons
 a - a +1 shortbow (weapon)
 b - a +0 short sword
Missiles
 d - 6 arrows (quivered)
 g - 12 poisoned needles
Armour
 c - a +0 leather armour (worn)
 j - a +0 cloak (worn)
Jewellery
 k - a +3 ring of dexterity (left hand)
Scrolls
 e - a scroll of fear {unknown}
 i - 2 scrolls of identify {unknown}
Potions
 h - 4 potions of degeneration {unknown}
 l - a potion of agility {unknown}
 m - a potion of heal wounds {unknown}
Comestibles
 f - 2 rations


   Skills:
 + Level 2.7 Fighting
 * Level 4.6 Bows
 + Level 2.0 Dodging
 - Level 1.1 Stealth


You had 2 spell levels left.
You didn't know any spells.

Dungeon Overview and Level Annotations

Branches:
Dungeon (2/15)

Altars:
Wu Jian


Innate Abilities, Weirdness & Mutations

You are resistant to torment.
Your stone body is resilient. (AC +3)
You are immune to poison.
You resist negative energy. (rN+)
You are resistant to electric shocks. (rElec)
You can survive without breathing.
You are immune to petrification.
You are immune to rotting.


Message History

You closely miss the adder.
The adder is heavily wounded.
The adder closely misses you. The adder bites you but does no damage.
You clumsily bash the adder but do no damage.
The adder is heavily wounded.
The adder bites you but does no damage. x2
You closely miss the adder.
The adder is heavily wounded.
The adder bites you.
* * * LOW HITPOINT WARNING * * *
The adder bites you.
* * * LOW HITPOINT WARNING * * *
The adder bites you but does no damage. The adder barely misses you.
There is an ornate altar of the Wu Jian Council here.
You barely miss the adder.
The adder is heavily wounded.
The adder bites you but does no damage. The adder misses you.
The adder bites you.
You die...

#.#.# . #.#.#
##.####.#.######
#..............#
.#.###...####.#
#. #.### #. #.#
#.###.#
#.@S#.###
#.#.._..#
#.###.#.# #.
#.#)# #. #.#.#
#. #...# #.
##..# #. .."....
..##..####


You could see an adder.

Vanquished Creatures
  A gnoll (D:1)
  A dart slug (D:1)
  2 leopard geckos (D:1)
  A giant cockroach (D:2)
  5 hobgoblins
  4 jackals (D:1)
  3 kobolds (D:1)
  2 bats (D:1)
  3 frilled lizards
  2 rats (D:1)
24 creatures vanquished.

Notes
Turn   | Place    | Note
-------+----------+-------------------------------------------
     0 | D:1      | RedSatellite the Gargoyle Hunter began the quest for the Orb.
     0 | D:1      | Reached XP level 1. HP: 12/12 MP: 1/1
   175 | D:1      | Reached XP level 2. HP: 16/18 MP: 2/2
   273 | D:1      | Reached XP level 3. HP: 22/22 MP: 3/3
   767 | D:2      | Found an ornate altar of the Wu Jian Council.
   774 | D:2      | Became a worshipper of the Wu Jian Council
   817 | D:2      | HP: 1/22 [adder (1)]
   823 | D:2      | Slain by an adder

Skill      XL: |  1  2  3 |
---------------+----------+-----
Dodging        | 2 |  2.0
Fighting       | |  2.7
Bows           | |  4.6
Stealth        | |  1.1

Action                   || total
-------------------------++-------
Melee: Shortbow          ||    26
 Fire: Shortbow          ||    69
  Use: Scroll            ||     1
Armor: Leather armour    ||    39
Dodge: Dodged            ||    63
